 Dungeon Crawl Stone Soup version 0.30.1-9-gdf580d7c3d (webtiles) character file.

Game seed: 11646752997313244534

105849 Peloso the Fencer (level 15, -3/146 HPs)
             Began as a Minotaur Fighter on Oct 6, 2023.
             Was a High Priest of Okawaru.
             Slain by a very large slime creature (7 damage)
             ... summoned by a boggart
             ... while petrified by a basilisk
             ... on level 14 of the Dungeon.
             The game lasted 01:08:45 (29625 turns).

Peloso the Fencer (Minotaur Fighter)               Turns: 29625, Time: 01:08:46

Health: -3/146     AC: 29    Str: 30    XL:     15   Next: 95%
Magic:  16/16      EV:  2    Int:  5    God:    Okawaru [*****.]
Gold:   125        SH:  0    Dex: 15    Spells: 14/14 levels left

rFire   . . .        a - +2 double sword (freeze)
rCold   + + .        d - +0 tower shield
rNeg    + + +        l - +3 plate armour {rC+}
rPois   ∞            (helmet restricted)
rElec   +            t - +0 cloak of the Pits of Slime {rElec}
rCorr   .            O - +0 pair of gloves
SInv    .            q - +0 pair of boots
Will    +....        (no amulet) Stlth
                     s - ring of protection from cold
HPRegen 0.44/turn    Y - ring of Nuoczier {*Slow Fly rElec AC+4 Str+7}
MPRegen 0.15/turn

%: slow self (1%)
@: petrified, flying
A: horns 2, retaliatory headbutt
a: Renounce Religion, Heroism, Finesse, Duel


You were on level 14 of the Dungeon.
You worshipped Okawaru.
Okawaru was extremely pleased with you.
You visited 4 branches of the dungeon, and saw 22 of its levels.
You also visited: Sewer and Ice Cave.

You collected 2377 gold pieces.
You spent 2252 gold pieces at shops.

Inventory:

Hand Weapons
 a - a +2 double sword of freezing (weapon)
 b - a +2 long sword of flaming
 c - a +3 scimitar of freezing
Armour
 d - a +0 tower shield (worn)
 l - a +3 plate armour of cold resistance (worn)
 q - a +0 pair of boots (worn)
 r - a +0 plate armour of willpower
 t - the +0 cloak of the Pits of Slime (worn) {rElec}
   (Okawaru gifted it to you on level 1 of the Orcish Mines)

   rElec:     It insulates you from electricity.
 A - a +1 plate armour of poison resistance
 K - the +0 tower shield of the Pleiades {Harm rPois Str+3}
   (Okawaru gifted it to you in an ice cave)

   Str:       It affects your strength (+3).
   rPois:     It protects you from poison.
   Harm:      It increases damage dealt and taken.
 L - +0 ice dragon scales
 O - a +0 pair of gloves (worn)
Jewellery
 k - a ring of willpower
 s - a ring of protection from cold (left hand)
 y - a ring of ice
 B - an amulet of faith
 Y - the ring of Nuoczier (right hand) {*Slow Fly rElec AC+4 Str+7}
   (You found it on level 1 of the Lair of Beasts)

   [ring of protection]

   AC:        It affects your AC (+4).
   Str:       It affects your strength (+7).
   rElec:     It insulates you from electricity.
   Fly:       It grants you flight.
   *Slow:     It may slow you when you take damage.
 Z - a ring of willpower
Wands
 i - a wand of quicksilver (9)
 n - a wand of mindburst (9)
 w - a wand of roots (18)
 D - a wand of paralysis (2)
 J - a wand of flame (37)
 V - a wand of digging (1)
Scrolls
 f - 2 scrolls of immolation
 m - 2 scrolls of fear
 u - 5 scrolls of teleportation
 v - 2 scrolls of poison
 C - a scroll of enchant armour
 E - a scroll of silence
 I - a scroll of amnesia
 M - 2 scrolls of blinking
 X - a scroll of magic mapping
Potions
 e - 3 potions of might
 g - 2 potions of brilliance
 h - 6 potions of flight
 j - a potion of cancellation
 o - 4 potions of invisibility
 p - 9 potions of curing
 x - 4 potions of haste
 z - 2 potions of heal wounds
 F - a potion of mutation
 G - 11 potions of degeneration
 H - 5 potions of lignification {unknown}
 S - 4 potions of resistance {unknown}


   Skills:
 + Level 16.8 Fighting
 + Level 17.5 Long Blades
 + Level 9.2 Maces & Flails
 + Level 16.6 Armour
 + Level 4.7 Dodging
 + Level 1.7 Stealth
 + Level 15.0 Shields
 + Level 3.9 Invocations
 + Level 2.7 Evocations


You had 14 spell levels left.
You didn't know any spells.
Your spell library contained the following spells:

 Spells                   Type           Power      Damage    Failure   Level
 Foxfire                  Conj/Fire      0%         2x1d4     99%         1
 Magic Dart               Conj           0%         1d3       99%         1
 Slow                     Hex            0%         N/A       99%         1
 Blink                    Tloc           0%         N/A       100%        2
 Cigotuvi's Dreadful Rot  Necr/Pois/Air  0%         N/A       100%        2
 Lesser Beckoning         Tloc           0%         N/A       100%        2
 Momentum Strike          Conj/Tloc      0%         3d8       100%        2
 Confusing Touch          Hex            0%         N/A       100%        3
 Gell's Gravitas          Tloc           0%         N/A       100%        3
 Ignite Poison            Fire/Tmut/Pois 0%         N/A       100%        3
 Mephitic Cloud           Conj/Pois/Air  0%         N/A       100%        3
 Ozocubu's Armour         Ice            0%         N/A       100%        3
 Teleport Other           Tloc           0%         N/A       100%        3
 Vampiric Draining        Necr           0%         2d6       100%        3
 Alistair's Intoxication  Tmut/Pois      0%         N/A       100%        5
 Borgnjor's Vile Clutch   Necr/Erth      0%         N/A       100%        5
 Fireball                 Conj/Fire      0%         3d3       100%        5
 Freezing Cloud           Conj/Ice/Air   0%         6-21      100%        5
 Iskenderun's Battlesphe  Conj           0%         2d6       100%        5
 Conjure Ball Lightning   Conj/Air       0%         3x3d6     100%        6
 Eringya's Noxious Bog    Tmut/Pois      0%         N/A       100%        6
 Plasma Beam              Fire/Air       0%         2x1d11    100%        6
 Starburst                Conj/Fire      0%         6d3       100%        6
 Orb of Destruction       Conj           0%         9d5       100%        7
 Ozocubu's Refrigeration  Ice            0%         4d7       100%        7
 Call Imp                 Summ           Unusable   N/A       N/A         2

Dungeon Overview and Level Annotations

Branches:
Dungeon (14/15)            Temple (1/1) D:7            Lair (5/5) D:10
  Swamp (0/4) Lair:2        Snake (0/4) Lair:2        Slime (0/5) Lair:4
    Orc (2/2) D:12            Elf (0/3) Orc:2        Vaults (0/5) D:13
  Sewer (visited)           IceCv (visited)

Altars:
Cheibriados
Dithmenos
Elyvilon
Fedhas
Gozag
Hepliaklqana
Kikubaaqudgha
Makhleb
Nemelex Xobeh
Okawaru
Sif Muna
Trog
Uskayaw
Vehumet
Xom
Yredelemnul
Zin
The Shining One
Jiyva

Shops:
D:2 !   D:5 !   D:6 (   D:11 (   D:13 [   D:14 *   Orc:2 *?[[

Annotations:
Lair:3 Casa, exclusion: 2 oklob plants


Innate Abilities, Weirdness & Mutations

You have a pair of horns on your head.
You reflexively headbutt those who attack you in melee.


Message History

The very large slime creature is unaffected.
Roots grab the cyclops.
The grasping roots constrict the boggart.
The grasping roots constrict the basilisk.
The grasping roots constrict the centaur warrior!
The grasping roots constrict the cyclops!
The boggart escapes!
You block the centaur warrior's attack. x2
The very large slime creature hits you! The basilisk gazes at you.
You are slowing down.
The grasping roots constrict the basilisk!
You kill the basilisk!
The basilisk's corpse dissolves into shadows!
The grasping roots constrict the centaur warrior!
The grasping roots constrict the cyclops!
The roots release their grip on the cyclops.
The centaur warrior wields a +0 shortbow.
The centaur warrior shoots an arrow.
The arrow hits you but does no damage.
The centaur warrior struggles to escape constriction.
You block the boggart's attack.
Your limbs are stiffening.
Things that are here:
a +0 war axe; a +0 scimitar The grasping roots constrict the centaur warrior!
You kill the centaur warrior!
The centaur warrior's corpse dissolves into shadows!
You have turned to stone.
The very large slime creature hits you!!
* * * LOW HITPOINT WARNING * * *
The boggart gestures wildly while chanting.
The boggart flickers and vanishes!
Deactivating autopickup; reactivate with Ctrl-A.
The very large slime creature hits you!!!
* * * LOW HITPOINT WARNING * * *
The very large slime creature hits you!!
* * * LOW HITPOINT WARNING * * *
The very large slime creature hits you.
* * * LOW HITPOINT WARNING * * *
The very large slime creature hits you but does no damage.
The very large slime creature hits you!
You die...

####.##.>....!..##.....##.#
** #.####'########.....##.#
,* #.# #.# ##...###.#
,**#.# #.# ##'## #.#
,,,#.####.# ##.# #.#
,*,#......# #..# #.#
**,######## #.## #.# *,*
#######.#####.#
*,***#######.{J@......##.#
*,**,........C#######.##.#
**,**,.........# #.##.#
**,**,.........# #.##.#
**,**,.........# #.##.#
,*,**,.........# #.##.#
,,,**,....[....# #.##.#
*,,,,,.........# *#....#
**,**,....○...$#****#..####


You could see a very large slime creature (summoned) and a cyclops (summoned).

Vanquished Creatures
  3 frost giants (IceCv)
  6 dire elephants
  A white draconian (IceCv)
  Azrael (D:12)
  Snorg (D:13)
  Josephine (D:12)
  6 hydras
  8 vault guards
  4 ice dragons (IceCv)
  2 boulder beetles
  6 two-headed ogres
  10 ironbound frosthearts (IceCv)
  7 death yaks (Lair:5)
  A tengu warrior (D:12)
  5 orc high priests (Orc:2)
  8 skeletal warriors
  A spectral anaconda (Lair:5)
  An orange crystal statue (IceCv)
  An obsidian statue (Lair:5)
  3 necromancers (Lair:5)
  9 orc knights
  A deep elf pyromancer (D:11)
  3 orc sorcerers (Orc:2)
  6 ugly things
  An oklob plant (Orc:1)
  3 cyclopes (D:12)
  3 manticores
  13 elephants
  An ice statue (D:14)
  A gargoyle (D:11)
  4 black mambas
  22 cane toads
  A torpor snail (Lair:5)
  8 rime drakes
  A dire elephant skeleton (Lair:5)
  A freezing wraith (D:14)
  6 komodo dragons
  A kobold demonologist (D:11)
  An efreet (D:14)
  2 tengu conjurers
  13 polar bears
  6 trolls
  9 blink frogs
  9 dream sheep
  2 shadows
  A vampire (D:10)
  8 wraiths
  A human (shapeshifter) (D:14)
  3 wyverns
  41 yaks
  A golden eye (shapeshifter) (D:14)
  A steam dragon (D:7)
  6 fire elementals
  2 basilisks
  2 vampire mosquitoes (D:12)
  A death yak simulacrum (Lair:5)
  A naga (Lair:2)
  3 wargs
  An acid dragon (D:8)
  3 hell hounds
  19 water moccasins
  Pargi (Sewer)
  40 orc warriors
  3 black bears
  2 sky beasts (D:7)
  A swamp drake (D:12)
  15 wolves
  2 boggarts (D:14)
  An elephant zombie (Lair:5)
  5 ogres
  3 centaurs
  17 kobold brigands
  7 bullfrogs
  A gnoll sergeant (D:10)
  A necrophage (D:4)
  A cane toad simulacrum (Lair:5)
  6 scorpions
  15 wights
  An elephant simulacrum (Lair:5)
  12 killer bees
  A howler monkey (D:12)
  3 electric eels (Lair:4)
  5 hounds
  32 orc priests
  Crazy Yiuf (D:3)
  An iguana (D:5)
  2 sleepcaps
  21 orc wizards
  A hound skeleton (D:4)
  Robin (D:2)
  11 gnolls
  11 adders
  2 river rats (D:3)
  A worm (D:4)
  4 dart slugs
  102 orcs
  8 endoplasms
  2 giant cockroaches
  10 goblins
  9 hobgoblins
  3 jackals (D:1)
  15 kobolds
  4 quokkas
  7 ball pythons
  8 bats
  7 frilled lizards
  5 rats
  A butterfly (Lair:5)
709 creatures vanquished.

Vanquished Creatures (others)
  Erolcha (D:13)
  An orc (D:12)
2 creatures vanquished.

Grand Total: 711 creatures vanquished

Notes
Turn   | Place    | Note
-------+----------+-------------------------------------------
     0 | D:1      | Peloso the Minotaur Fighter began the quest for the Orb.
     0 | D:1      | Reached XP level 1. HP: 19/19 MP: 0/0
   121 | D:1      | Reached XP level 2. HP: 25/27 MP: 1/1
   270 | D:1      | Reached skill level 3 in Long Blades
   769 | D:2      | Noticed Robin
   783 | D:2      | Killed Robin
   784 | D:2      | Reached XP level 3. HP: 31/33 MP: 2/2
   803 | D:2      | Reached XP level 4. HP: 12/40 MP: 3/3
  1108 | D:2      | Reached skill level 4 in Long Blades
  1108 | D:2      | Reached skill level 1 in Dodging
  1383 | D:2      | Found Kemisso's Distillery.
  1612 | D:2      | Reached XP level 5. HP: 46/46 MP: 4/4
  1936 | D:3      | Found a shadowy altar of Dithmenos.
  2004 | D:3      | Found a glowing drain.
  2016 | Sewer    | Entered a sewer
  2055 | Sewer    | Noticed Pargi
  2068 | Sewer    | Killed Pargi
  2069 | Sewer    | Reached skill level 5 in Long Blades
  2069 | Sewer    | Reached XP level 6. HP: 39/55 MP: 5/5
  2149 | Sewer    | Reached skill level 5 in Fighting
  2702 | D:3      | Found a runed translucent door.
  2703 | D:3      | Noticed Crazy Yiuf
  3032 | D:3      | Reached skill level 5 in Armour
  3408 | D:3      | Killed Crazy Yiuf
  3615 | D:4      | Found a blossoming altar of Fedhas.
  3869 | D:4      | Found a burning altar of Makhleb.
  3880 | D:4      | Reached XP level 7. HP: 50/61 MP: 6/6
  4210 | D:5      | Entered Level 5 of the Dungeon
  4244 | D:5      | Reached skill level 6 in Long Blades
  4349 | D:5      | Reached skill level 5 in Shields
  4368 | D:5      | Found a hazy altar of Hepliaklqana.
  4768 | D:5      | Found Qytur's Distillery.
  4771 | D:5      | Bought a potion of mutation for 104 gold pieces
  4844 | D:5      | Reached skill level 7 in Long Blades
  5001 | D:6      | Reached XP level 8. HP: 45/71 MP: 7/7
  5292 | D:6      | Found a radiant altar of Vehumet.
  5352 | D:5      | Reached skill level 8 in Long Blades
  5518 | D:6      | Found Aggirrat's Antique Weapon Shop.
  5822 | D:6      | Bought a smoking mace for 192 gold pieces
  5822 | D:6      | Identified the +7 mace of the Big Bang {freeze, *Corrode
                  | rPois rC- Str+5} (You bought it in a shop on level 6 of the
                  | Dungeon)
  6006 | D:7      | Reached skill level 1 in Maces & Flails
  6099 | D:7      | Reached skill level 9 in Long Blades
  6201 | D:7      | Found a white marble altar of Elyvilon.
  6244 | D:7      | Found a staircase to the Ecumenical Temple.
  6346 | Temple   | Entered the Ecumenical Temple
  6458 | Temple   | Became a worshipper of Warmaster Okawaru
  6505 | D:8      | Reached XP level 9. HP: 79/79 MP: 8/8
  6770 | D:8      | Noticed a two-headed ogre
  6780 | D:8      | Killed a two-headed ogre
  6780 | D:8      | Reached * piety under Okawaru
  6786 | D:8      | Reached skill level 1 in Evocations
  6901 | D:8      | Reached skill level 5 in Maces & Flails
  7280 | D:9      | Reached ** piety under Okawaru
  7399 | D:9      | Reached XP level 10. HP: 84/85 MP: 9/9
  7472 | D:9      | Noticed a two-headed ogre
  7477 | D:9      | Killed a two-headed ogre
  7579 | D:9      | Reached *** piety under Okawaru
  7687 | D:9      | Found a glowing golden altar of the Shining One.
  7907 | D:9      | Found an ancient bone altar of Kikubaaqudgha.
  8268 | D:10     | Entered Level 10 of the Dungeon
  8345 | D:10     | Found a staircase to the Lair.
  8591 | D:10     | Reached skill level 10 in Long Blades
  8750 | D:10     | Reached **** piety under Okawaru
  8965 | D:10     | Found a basalt altar of Yredelemnul.
  9117 | D:10     | Reached skill level 1 in Stealth
  9352 | D:10     | Found a bloodstained altar of Trog.
  9547 | D:6      | Bought a polished hand axe for 192 gold pieces
  9547 | D:6      | Identified the +6 hand axe "Jotze" {heavy, rN+ Stlth+} (You
                  | bought it in a shop on level 6 of the Dungeon)
  9638 | D:11     | Reached skill level 10 in Armour
  9638 | D:11     | Reached XP level 11. HP: 97/97 MP: 10/10
  9881 | D:11     | Found Oronaw's Weapon Emporium.
 10120 | D:11     | Noticed a boulder beetle
 10143 | D:11     | Killed a boulder beetle
 10143 | D:11     | Reached ***** piety under Okawaru
 10379 | D:11     | Reached skill level 11 in Long Blades
 10417 | D:11     | Noticed a deep elf pyromancer
 10422 | D:11     | Killed a deep elf pyromancer
 10624 | D:10     | Noticed a two-headed ogre
 10638 | D:10     | Killed a two-headed ogre
 10639 | D:10     | Reached skill level 10 in Fighting
 10764 | Lair:1   | Entered Level 1 of the Lair of Beasts
 10918 | Lair:1   | Reached skill level 12 in Long Blades
 11353 | Lair:1   | Received a gift from Okawaru
 11380 | Lair:1   | Reached XP level 12. HP: 67/108 MP: 11/11
 11390 | Lair:1   | Reached skill level 13 in Long Blades
 11565 | Lair:1   | Identified the ring of Nuoczier {*Slow Fly rElec AC+4
                  | Str+7}
 12521 | Lair:2   | Found a staircase to the Snake Pit.
 12983 | Lair:2   | Found a staircase to the Swamp.
 13591 | Lair:3   | Reached ****** piety under Okawaru
 13804 | Lair:3   | Received a gift from Okawaru
 13878 | Lair:3   | Noticed a boulder beetle
 13934 | Lair:3   | Killed a boulder beetle
 13935 | Lair:3   | Reached skill level 14 in Long Blades
 14186 | Lair:3   | Found a blossoming altar of Fedhas.
 15014 | Lair:3   | Noticed a five-headed hydra
 15014 | Lair:3   | Noticed a seven-headed hydra
 15025 | Lair:3   | Killed a one-headed hydra
 15026 | Lair:3   | Reached skill level 1 in Invocations
 15033 | Lair:3   | Killed a one-headed hydra
 15171 | Lair:3   | Identified the +2 robe "Lepi" {Will+++ Regen+ Int-3 Dex-2}
                  | (Okawaru gifted it to you on level 3 of the Lair of Beasts)
 15171 | Lair:3   | Received a gift from Okawaru
 15554 | Lair:3   | Noticed a dire elephant
 15568 | Lair:3   | Killed a dire elephant
 15671 | Lair:4   | Reached XP level 13. HP: 109/119 MP: 13/13
 15686 | Lair:4   | Found a staircase to the Slime Pits.
 15753 | Lair:4   | Found a viscous altar of Jiyva.
 18052 | D:12     | Noticed Josephine
 18070 | D:12     | Killed Josephine
 18071 | D:12     | Reached skill level 15 in Long Blades
 18483 | D:12     | Found a staircase to the Orcish Mines.
 19083 | Orc:1    | Entered Level 1 of the Orcish Mines
 19328 | Orc:1    | Identified the +0 cloak of the Pits of Slime {rElec}
                  | (Okawaru gifted it to you on level 1 of the Orcish Mines)
 19328 | Orc:1    | Received a gift from Okawaru
 19821 | Orc:2    | Entered Level 2 of the Orcish Mines
 20179 | Orc:2    | Found a bloodstained altar of Trog.
 20185 | Orc:2    | Found a staircase to the Elven Halls.
 20208 | Orc:2    | Reached skill level 10 in Shields
 21223 | Orc:2    | Reached XP level 14. HP: 63/132 MP: 12/14
 21629 | Orc:2    | Received a gift from Okawaru
 22077 | Orc:2    | Found Teotar's Armour Boutique.
 22077 | Orc:2    | Found Plog's Antique Armour Boutique.
 22078 | Orc:2    | Found Vorukhly's General Store.
 22078 | Orc:2    | Found Siledo's Magic Scroll Shop.
 22089 | Orc:2    | Bought a brightly glowing plate armour for 868 gold pieces
 22089 | Orc:2    | Identified the +3 plate armour "Mepug" {+Blink rElec rN+
                  | Str-5} (You bought it in a shop on level 2 of the Orcish
                  | Mines)
 22701 | Lair:5   | Entered Level 5 of the Lair of Beasts
 22744 | Lair:5   | Reached skill level 15 in Armour
 23103 | Lair:5   | Reached skill level 16 in Long Blades
 23290 | Lair:5   | Reached skill level 15 in Fighting
 25290 | Lair:5   | Reached XP level 15. HP: 65/144 MP: 13/16
 25902 | D:13     | Noticed Azrael
 26049 | D:12     | Killed Azrael
 26194 | D:13     | Noticed Snorg
 26206 | D:13     | Killed Snorg
 26299 | D:13     | Noticed Erolcha
 26317 | D:13     | Killed Erolcha
 26318 | D:13     | Reached skill level 17 in Long Blades
 26732 | D:13     | Found a gate to the Vaults.
 27103 | D:13     | Found Jerphay's Antique Armour Shoppe.
 27112 | D:13     | Bought a bloodstained plate armour for 896 gold pieces
 27112 | D:13     | Identified the +1 plate armour of the Other World {Str+2}
                  | (You bought it in a shop on level 13 of the Dungeon)
 27252 | D:14     | Found Geggafu's Assorted Antiques.
 27388 | D:14     | Found a frozen archway.
 27409 | IceCv    | Entered an ice cave
 28063 | IceCv    | Noticed a frost giant
 28079 | IceCv    | Killed a frost giant
 28240 | IceCv    | Identified the +0 tower shield of the Pleiades {Harm rPois
                  | Str+3} (Okawaru gifted it to you in an ice cave)
 28240 | IceCv    | Received a gift from Okawaru
 28263 | IceCv    | Noticed a frost giant
 28385 | IceCv    | Killed a frost giant
 28386 | IceCv    | Noticed a frost giant
 28723 | IceCv    | Killed a frost giant
 29563 | D:14     | Reached skill level 15 in Shields
 29622 | D:14     | HP: 5/146 [very large slime creature[a boggart] (11)]
 29625 | D:14     | Slain by a very large slime creature

Illustrated notes

Levels and vault maps discovered:
D:1:      sevenhm_arrival_forest_fort_small_3, layout_basic
D:2:      layout_loops_ring, serial_shops, shop, uniq_robin
D:3:      kennysheep_six_static_rooms, layout_loops_ring,
          nicolae_dithmenos_through_a_glass_darkly, portal_sewer_entry_e,
          uniq_crazy_yiuf_cottage
D:4:      layout_gridville, fedhas_altar_2, makhleb_blood_cavern_becter,
          minivault_5, dk_noncrumbling_3
D:5:      layout_loops_ring, mainiacjoe_overflow_small_starburst, serial_shops,
          kennysheep_mini
D:6:      layout_cave_pools, vehumet_crystals, serial_shops,
          nicolae_shop_dealshenge
D:7:      layout_gridville, nicolae_elyvilon_peaceful_grove,
          minmay_temple_entry_junction, dreamdust_mushroom_princess,
          minmay_misc_feat_columns
D:8:      layout_rooms, special_room [special_room_orc],
          serial_co_window_serial, co_window_paths_a, co_window_paths_a,
          co_window_paths_a, co_window_paths_a, co_window_paths_a,
          co_window_unsneaky_path_e, co_window_of_opportunity_b,
          co_window_of_opportunity_c, co_window_corner_b, co_window_corner_cb,
          co_window_corner_cb, co_window_sun, glass_columns_c, glass_columns_a
D:9:      layout_basic, mainiacjoe_overflow_alcove_4,
          nicolae_tso_swordbearing_angel, hangedman_decor_clover_reticule
D:10:     layout_long_grid, mainiacjoe_overflow_brackets,
          mainiacjoe_overflow_alcove_2, due_lair_maze_entry_diamond,
          dk_noncrumbling_4
D:11:     layout_loops_ring, serial_shops, shop, special_room
          [special_room_kobold], dilly_guarded_unrand_elemental_staff
D:12:     layout_loops_ring, erik_orc_1, grunt_decor_resistance, uniq_josephine
D:13:     layout_loops_cross, erik_vaults_2, serial_shops, shop, uniq_erolcha,
          uniq_azrael, uniq_snorg
D:14:     minmay_opposing_rooms, layout_basic, minivault_26, serial_shops, shop,
          portal_ice_cave_entry_ice_statue_one, serial_park_tiny_2
Temple:   hc_temple_tempest_star
Lair:1:   layout_cave_pods, nicolae_lair_grove_arrangements
Lair:2:   layout_roguey, minmay_swamp_entry_worms, guppyfry_snake_entry_island
Lair:3:   layout_regular_city, hangedman_tree_tricks, nzn_random_ring
Lair:4:   layout_cave_pods, slime_entry_1, disabler_island,
          infiniplex_staircase_pool
Lair:5:   due_jungle_book, layout_concentric_octagons, grunt_megastairs_3,
          lemuel_fruit_fields, infiniplex_staircase_pool_2
Orc:1:    layout_diamond_mine, mines3_lemuel
Orc:2:    st_orc_pillars, layout_caves, basic_altar

Skill      XL: |  1  2  3  4  5  6  7  8  9 10 11 12 13 14 15 |
---------------+----------------------------------------------+-----
Long Blades    | 3 4 5 7 9 10 12 14 15 16 17 | 17.5
Fighting       | 4 5 6 7 8 9 10 12 14 16 | 16.8
Shields        | 4 5 6 7 8 9 10 12 15 | 15.0
Armour         | 4 5 6 7 8 10 11 13 14 15 16 | 16.6
Dodging        | 1 3 4 |  4.7
Maces & Flails | 2 7 9 |  9.2
Evocations     | 1 2 |  2.7
Stealth        | 1 |  1.7
Invocations    | 1 2 3 |  3.9

Action                     |  1- 3 |  4- 6 |  7- 9 | 10-12 | 13-15 || total
---------------------------+-------+-------+-------+-------+-------++-------
  Melee: Long sword        |    74 |   208 |   137 |   269 |  1637 ||  2325
         Headbutt          |    12 |    31 |    58 |   150 |   560 ||   811
         Mace              |       |       |   141 |    35 |       ||   176
         Scimitar          |       |       |       |   318 |   170 ||   488
         Double sword      |       |       |       |       |    90 ||    90
 Invoke: Heroism           |       |       |       |    14 |    49 ||    63
  Evoke: Wand              |       |       |     6 |     4 |     8 ||    18
    Use: Potion            |     3 |       |       |     6 |     6 ||    15
         Scroll            |       |     8 |     7 |     5 |    10 ||    30
   Stab: Invisible         |     2 |       |       |       |       ||     2
 Armour: Scale mail        |    33 |    47 |       |       |       ||    80
         Chain mail        |       |    90 |   120 |       |       ||   210
         Plate armour      |       |       |     9 |   333 |  1036 ||  1378
  Dodge: Dodged            |    35 |    90 |   108 |   180 |   618 ||  1031
  Block: Buckler           |    17 |    72 |    66 |   154 |   403 ||   712
         Tower shield      |       |       |       |       |   526 ||   526
